Map: Szczelina ER

Players

Rettra - Winner!

  • Race: Zerg Zerg
  • League: Platinum
  • Spawn Location: 11:00

DrReed

  • Race: Protoss Protoss
  • League: Diamond
  • Spawn Location: 5:00

VOD

Have the link to the VOD?

Description

Time

  • Played on: Oct. 19, 2018, 6:42 a.m.
  • Length: 14:31
Show
View Real Time Build Order
Export as new Build Order

Rettra Zerg - Winner!

Build Orders: Hatch First 

Get SALT Encoding   

  12  0:01  Drone  
  13  0:13  Overlord  
  13  0:19  Drone  
  14  0:31  Drone  
  14  0:32  Drone  
  14  0:35  Drone  
  17  0:55  Hatchery  
  17  0:56  Drone  
  17  1:00  Drone  
  18  1:04  Extractor  
  18  1:07  Drone  
  18  1:18  Spawning Pool  
  17  1:22  Drone  
  18  1:29  Drone  
  19  1:41  Overlord  
  19  1:55  Drone  
  20  2:08  Drone  
  20  2:09  Queen  
  20  2:11  Queen  
  20  2:13  Zergling x2  
  26  2:20  Zergling x4  
  26  2:22  Metabolic Boost  
  28  2:34  Drone  
  28  2:35  Drone x2  
  31  2:48  Lair  
  31  2:50  Drone x2  
  31  2:51  Drone  
  34  2:56  Drone  
  34  3:13  Drone  
  34  3:22  Overlord x3  
  33  3:28  Hatchery  
  33  3:32  Queen  
  33  3:33  Extractor  
  33  3:43  Drone x6  
  33  3:48  Zergling x2  
  40  3:50  Spine Crawler  
  38  4:05  Zergling x6  
  38  4:06  Zergling x4  
  42  4:11  Zergling x2  
  42  4:12  Zergling x4  
  44  4:30  Zergling x4  
  44  4:44  Drone x4  
  47  5:04  Drone  
  47  5:05  Drone x7  
  54  5:13  Drone x2  
  56  5:20  Roach Warren  
  55  5:24  Hydralisk Den  
  53  5:30  Drone x2  
  53  5:31  Drone x4  
  57  5:46  Drone  
  57  5:47  Drone x5  
  61  5:54  Extractor  
  61  5:55  Extractor  
  57  6:00  Roach x4  
  65  6:10  Hatchery  
  64  6:14  Roach  
  64  6:16  Overseer  
  64  6:17  Overlord x2  
  64  6:18  Overlord x2  
  66  6:32  Overlord  
  66  6:33  Overlord  
  66  6:34  Grooved Spines  
  66  6:41  Drone  
  66  6:42  Drone x5  
  66  6:43  Overlord  
  72  6:47  Ravager x2  
  74  7:02  Queen  
  76  7:10  Spore Crawler  
  76  7:12  Spore Crawler  
  72  7:16  Spore Crawler  
  72  7:21  Glial Reconstitution  
  65  7:26  Zergling x18  
  65  7:27  Zergling x4  
  74  7:46  Zergling x2  
  74  7:47  Zergling x20  
  85  7:56  Drone x2  
  80  8:05  Roach x3  
  79  8:15  Roach x3, Hatchery  
  83  8:24  Roach x3  
  84  8:30  Roach x2  
  76  8:44  Roach, Zergling x2  
  76  8:45  Roach x8  
  87  8:57  Roach x4  
  83  9:12  Roach  
  83  9:13  Roach x3  
  80  9:24  Roach, Zergling x2  
  68  9:48  Hatchery, Hydralisk x5  
  68  9:49  Hydralisk x5  
  87  9:53  Muscular Augments  
  87  9:55  Burrow  
  87  9:58  Extractor, Hatchery  
  85  10:00  Extractor  
  84  10:07  Drone x4  
  84  10:12  Hatchery  
  87  10:15  Queen  
  89  10:27  Drone  
  89  10:28  Drone x11  
  94  10:48  Drone x5  
  99  10:58  Evolution Chamber  
  99  10:59  Hydralisk x8  
  99  11:00  Hydralisk  
  98  11:04  Roach x3  
  98  11:05  Infestation Pit  
  95  11:20  Roach  
  95  11:21  Roach x10  
  103  11:34  Roach  
  103  11:35  Roach x7  
  103  11:43  Extractor  
  102  11:50  Drone  
  102  11:51  Drone x5  
  108  11:58  Hive  
  108  11:59  Queen  
  108  12:00  Queen  
  112  12:05  Zergling x16  
  118  12:10  Ravager x3  
  118  12:11  Ravager  
  112  12:32  Drone x5  
  112  12:35  Overlord x3  
  112  12:36  Overlord x3  
  103  13:00  Roach x3  
  103  13:01  Roach x18  
  135  13:18  Hydralisk  
  135  13:19  Hydralisk x5  
  136  13:23  Zergling x2  
  136  13:24  Zergling x12  
  132  13:35  Roach x3  
  132  13:36  Roach x6  
  142  13:48  Roach x6  
  131  13:49  Zergling x8  
  139  14:08  Drone x4  
  139  14:09  Drone x2  
Show
View Real Time Build Order
Export as new Build Order

DrReed Protoss 

Build Orders:  

Get SALT Encoding   

  12  0:01  Probe  
  13  0:13  Probe  
  14  0:18  Pylon  
  14  0:25  Probe  
  15  0:36  Gateway  
  15  0:38  Probe  
  16  0:43  Assimilator  
  16  0:50  Probe  
  17  1:02  Probe  
  18  1:14  Probe  
  19  1:19  Pylon  
  19  1:27  Probe  
  20  1:39  Probe  
  21  1:42  Cybernetics Core  
  21  1:45  Pylon  
  21  1:51  Probe  
  22  1:59  Nexus  
  22  2:03  Probe  
  23  2:09  Assimilator  
  23  2:11  Warp Gate  
  23  2:12  Probe  
  24  2:20  Probe  
  24  2:23  Adept  
  24  2:29  Probe  
  28  2:41  Probe  
  29  2:44  Robotics Facility  
  29  2:45  Adept  
  29  2:53  Probe  
  32  3:04  Pylon  
  32  3:05  Probe  
  32  3:12  Probe  
  31  3:22  Probe  
  31  3:23  Probe  
  31  3:26  Pylon  
  33  3:31  Probe x2  
  33  3:32  Observer  
  34  3:39  Probe x2  
  36  3:46  Forge  
  38  3:49  Gateway, Probe  
  38  3:50  Probe  
  40  3:57  Assimilator  
  40  4:12  Probe  
  40  4:13  Probe  
  42  4:30  Probe x2  
  40  4:42  Probe x2  
  42  4:47  Assimilator  
  42  4:50  Adept  
  44  4:56  Adept  
  41  5:11  Adept  
  40  5:14  Probe x2  
  40  5:20  Immortal  
  41  5:26  Adept  
  37  5:37  Gateway  
  37  5:39  Gateway  
  37  5:41  Gateway  
  37  5:43  Gateway  
  37  5:46  Gateway  
  37  5:47  Adept  
  34  5:51  Probe  
  34  5:52  Probe  
  33  5:59  Immortal  
  33  6:00  Probe x2  
  39  6:09  Probe, Pylon  
  39  6:10  Probe  
  41  6:22  Probe x2  
  41  6:23  Twilight Council  
  41  6:24  Pylon  
  43  6:34  Probe x2  
  43  6:38  Warp Prism  
  47  6:44  Adept x2  
  51  6:52  Adept x2  
  55  6:54  Probe x2  
  55  6:58  Protoss Ground Weapons Level 1  
  57  7:05  Probe x2  
  57  7:24  Stalker x2  
  57  7:25  Stalker  
  57  7:27  Probe  
  57  7:28  Probe  
  65  7:40  Adept x2  
  65  7:41  Adept  
  67  7:59  Resonating Glaives  
  67  8:03  Adept  
  67  8:04  Adept x4  
  73  8:28  Adept  
  73  8:29  Adept  
  75  8:41  Immortal  
  71  8:44  Adept x3  
  71  9:00  Stalker x3  
  73  9:13  Stalker x2  
  67  9:17  Adept  
  61  9:24  Probe  
  61  9:25  Probe  
  57  9:33  Stalker  
  57  9:34  Stalker  
  55  9:42  Protoss Ground Weapons Level 2  
  53  9:49  Probe x2  
  55  10:01  Probe x2  
  55  10:04  Immortal  
  61  10:29  Nexus  
  61  10:31  Probe x2  
  59  10:40  Stalker x2  
  60  10:53  Stalker x5  
  62  11:04  Immortal  
  66  11:14  Adept x2  
  66  11:18  Adept  
  72  11:22  Adept  
  74  11:30  Adept x2  
  72  11:35  Adept  
  64  11:44  Probe x2  
  66  11:57  Nexus  
  66  12:01  Probe  
  66  12:02  Probe, Immortal  
  72  12:16  Probe x2  
  68  12:31  Stalker x2  
  68  12:33  Probe x2  
  74  12:42  Adept  
  74  12:43  Adept  
  67  13:00  Probe x2  
  67  13:03  Adept x4  
  77  13:08  Pylon  
  73  13:18  Stalker x2  
  77  13:26  Immortal  
  71  13:38  Stalker x3  
  69  13:47  Stalker x2  
  45  14:02  Adept  
  45  14:03  Adept x3  
  45  14:05  Probe x2  
  45  14:07  Probe  
Tags
 
Add a new tag
Caveats
  • Supply blocks, unpowered buildings, or Contaminate may cause inaccurate times.
  • Supply counts are checked every 10 seconds.